 Dungeon Crawl Stone Soup version 0.23.2-33-g5129a83184 (webtiles) character file.

Game seed: 9635979106134615475

114 DorianNounverber the Slasher (level 4, 0/34 HPs)
             Began as a Demonspawn Gladiator on July 10, 2019.
             Slain by a giant cockroach (1 damage)
             ... on level 3 of the Dungeon.
             The game lasted 00:05:00 (1927 turns).

DorianNounverber the Slasher (Demonspawn Gladiator) Turns: 1927, Time: 00:05:01

Health: 0/34       AC:  6    Str: 15    XL:     4   Next: 67%
Magic:  4/4        EV: 13    Int: 10    God:
Gold:   99         SH:  0    Dex: 14    Spells: 3/3 levels left

rFire    . . .     SeeInvis .   a - +0 long sword
rCold    . . .     Gourm    .   (no shield)
rNeg     . . .     Faith    .   b - +0 leather armour
rPois    .         Spirit   .   c - +0 helmet
rElec    .         Reflect  .   (no cloak)
rCorr    .         Harm     .   (no gloves)
MR       .....                  (no boots)
Stlth    +.........             e - amulet of rage
HPRegen  0.11/turn              (no ring)
MPRegen  0.09/turn              (no ring)

@: no status effects
A: hooves 1, thin metallic scales 1
a: Evoke Berserk Rage


You were on level 3 of the Dungeon.
You were not hungry.

You visited 1 branch of the dungeon, and saw 3 of its levels.

You collected 99 gold pieces.

Inventory:

Hand Weapons
 a - a +0 long sword (weapon)
Missiles
 d - 3 throwing nets
 p - 7 tomahawks (quivered)
Armour
 b - a +0 leather armour (worn)
 c - a +0 helmet (worn)
Jewellery
 e - an amulet of rage (around neck)
 m - a cursed -2 ring of protection {unknown}
Scrolls
 g - a scroll of random uselessness {unknown}
 h - a scroll of magic mapping {unknown}
 i - a scroll of amnesia {unknown}
 j - 2 scrolls of blinking {unknown}
 k - a scroll of identify {unknown}
 l - 2 scrolls of fog {unknown}
 n - a scroll of noise {unknown}
 o - a scroll of fear {unknown}
 r - a scroll of enchant armour {unknown}
 s - 2 scrolls of immolation {unknown}
Potions
 q - a potion of curing {unknown}
Comestibles
 f - 2 rations


   Skills:
 + Level 2.4 Fighting
 + Level 4.0 Long Blades
 + Level 2.0 Throwing
 + Level 1.0 Armour
 + Level 3.3 Dodging


You had 3 spell levels left.
You didn't know any spells.
Your spell library was empty.

Dungeon Overview and Level Annotations

Branches:
Dungeon (3/15)

Altars:


Innate Abilities, Weirdness & Mutations

You have large cloven feet.
You are partially covered in thin metallic scales. (AC +2)


Message History

The hobgoblin barely misses you. The worm bites you!
You slash the hobgoblin!
You kill the hobgoblin!
The worm bites you!
You slash the worm!
The worm is heavily wounded.
You hit the worm.
The worm is heavily wounded.
The worm bites you!
* * * LOW HITPOINT WARNING * * *
You slash the worm!
You kill the worm!
Your Armour skill increases to level 1!
Things that are here:
a +0 club; a hobgoblin corpse A kobold comes into view.
The kobold shouts!
You barely miss the giant cockroach. The giant cockroach barely misses you.
The giant cockroach bites you.
You die...

## #### #.# #. #..
#.# #. ####.#####.#
#. #..#K......# #.
#....####..#
#.##..#..# #..#####
#.((..#..# #......#
#..####..#.#.####.#
#))w.s@....#.# #.#
.......######.###.#
#.# ..#.... ...#.#
#.# ####w [#.#.#
#.# #. #.# #.# #.
#.# #.# .. #.# #.#
.. #.####.#
#....<.#


You could see a worm, a giant cockroach and a kobold.

Vanquished Creatures
  5 adders (D:2)
  2 worms (D:3)
  2 dart slugs
  2 leopard geckos
  4 orcs (D:3)
  2 giant cockroaches
  4 goblins
  9 hobgoblins
  3 jackals (D:1)
  6 kobolds
  2 ball pythons
  6 bats
  3 frilled lizards (D:1)
  5 rats
55 creatures vanquished.

Notes
Turn   | Place    | Note
-------+----------+-------------------------------------------
     0 | D:1      | DorianNounverber the Demonspawn Gladiator began the quest
                  | for the Orb.
     0 | D:1      | Reached XP level 1. HP: 16/16 MP: 1/1
   114 | D:1      | Reached skill level 3 in Long Blades
   137 | D:1      | Gained mutation: You are partially covered in thin metallic
                  | scales. (AC +2) [demonic ancestry]
   137 | D:1      | Reached XP level 2. HP: 22/22 MP: 2/2
   459 | D:1      | Reached XP level 3. HP: 24/27 MP: 3/3
  1119 | D:2      | Gained mutation: You have large cloven feet. [demonic
                  | ancestry]
  1119 | D:2      | Reached XP level 4. HP: 27/33 MP: 4/4
  1796 | D:3      | Reached skill level 4 in Long Blades
  1923 | D:3      | HP: 1/34 [worm (10)]
  1924 | D:3      | Reached skill level 1 in Armour
  1927 | D:3      | Slain by a giant cockroach

Skill      XL: |  1  2  3  4 |
---------------+-------------+-----
Long Blades    | 3 4 |  4.0
Throwing       | 2 |  2.0
Dodging        | 3 |  3.3
Armour         | 1 |  1.0
Fighting       | |  2.4

Action                   |  1- 3 |  4- 6 || total
-------------------------+-------+-------++-------
Melee: Long sword        |    85 |    44 ||   129
       Kick              |       |    11 ||    11
  Eat: Chunk             |       |     2 ||     2
       Ration            |       |     1 ||     1
Armor: Leather armour    |    26 |    18 ||    44
Dodge: Dodged            |    62 |    35 ||    97
       Rpst.: Long sword |    18 |     8 ||    26
